Map: Ley Lines

Players

SpeCial

  • Race: Terran Terran
  • League: Grandmaster
  • Spawn Location: 1:00

A.I. 1 (Very Easy) - Winner!

  • Race: Zerg Zerg
  • Spawn Location: 7:00

VOD

Have the link to the VOD?

Description

Time

  • Played on: Sept. 30, 2025, 1:49 p.m.
  • Length: 6:25
Show
View Real Time Build Order
Export as new Build Order

SpeCial Terran 

Build Orders: Banshee Rush 

Get SALT Encoding   

  12  0:00  SCV  
  13  0:12  SCV  
  14  0:17  Supply Depot  
  14  0:24  SCV  
  15  0:38  SCV  
  15  0:39  Barracks  
  16  0:43  Refinery  
  16  0:50  SCV  
  16  0:53  Refinery  
  17  1:02  SCV  
  18  1:14  SCV  
  19  1:26  Reaper  
  19  1:27  Orbital Command  
  19  1:28  Supply Depot  
  20  1:41  Factory  
  20  1:53  SCV  
  21  1:58  Reaper  
  22  2:05  SCV  
  23  2:15  Command Center  
  23  2:18  SCV  
  24  2:25  Hellion  
  26  2:30  SCV  
  26  2:31  Barracks Reactor  
  27  2:37  Starport  
  27  2:42  SCV  
  28  2:45  Supply Depot  
  28  2:47  Factory Tech Lab  
  28  2:55  SCV  
  29  3:07  SCV  
  29  3:08  Marine x2  
  32  3:19  SCV  
  33  3:22  Cloaking Field  
  33  3:23  Banshee  
  33  3:26  Marine x2  
  38  3:27  Orbital Command  
  38  3:30  Factory Tech Lab  
  38  3:31  SCV  
  39  3:43  SCV  
  39  3:44  Marine x2  
  42  3:49  Supply Depot  
  42  3:53  SCV  
  46  3:56  SCV  
  46  4:01  Marine, Siege Tank  
  46  4:02  Marine  
  49  4:04  Barracks  
  49  4:06  SCV  
  49  4:08  SCV  
  51  4:11  Banshee  
  54  4:18  SCV  
  54  4:19  Supply Depot  
  54  4:20  SCV  
  56  4:24  Barracks  
  56  4:28  Marine x2  
  58  4:31  SCV  
  58  4:32  SCV  
  60  4:38  Refinery  
  60  4:40  Siege Tank  
  60  4:41  Supply Depot  
  60  4:45  SCV x2  
  65  4:51  Engineering Bay  
  65  4:57  SCV x2  
  67  5:02  Marine  
  67  5:06  Supply Depot  
  68  5:07  Marine x2  
  68  5:09  SCV x2, Starport Reactor  
  72  5:23  SCV x2, Refinery  
  72  5:25  Marauder x2  
  72  5:28  Marine x2  
  80  5:33  Factory Reactor  
  80  5:37  SCV x2  
  80  5:39  Supply Depot  
  82  5:45  Marine x2  
  84  5:50  SCV x2  
  86  6:02  Supply Depot  
  86  6:03  Command Center, Marine x2  
  92  6:10  Supply Depot  
  94  6:15  Barracks  
  94  6:18  Barracks  
Show
View Real Time Build Order
Export as new Build Order

A.I. 1 (Very Easy) Zerg - Winner!

Build Orders: Pool Only 

Get SALT Encoding   

  12  0:01  Drone  
  13  0:12  Overlord  
  13  0:17  Drone  
  14  0:34  Spawning Pool  
  13  0:37  Drone  
  13  0:41  Extractor  
  13  0:44  Drone  
  14  0:51  Overlord  
  14  1:22  Zergling x2  
  14  1:23  Queen  
  17  1:30  Roach Warren  
  16  1:33  Drone  
  16  1:38  Extractor  
  16  1:41  Drone  
  17  1:47  Zergling x2  
  18  1:59  Drone  
  19  2:06  Drone  
  20  2:13  Zergling x2  
  21  2:16  Drone  
  22  2:27  Overlord  
  22  2:30  Drone  
  23  2:37  Drone  
  23  2:39  Roach  
  26  2:44  Drone  
Tags
 
Matchup
TvZ
Opening
Pool Only
Player
SpeCial
Spawn Locations
Cross Positions
Strategy
Banshee Rush
Add a new tag
Caveats
  • Supply blocks, unpowered buildings, or Contaminate may cause inaccurate times.
  • Supply counts are checked every 10 seconds.